 Dungeon Crawl Stone Soup version 0.31-a0-542-gdc2a67831c (webtiles) character file.

Game seed: 13448848858157964163

123 Arcadio the Shooter (level 5, -1/42 HPs)
             Began as a Formicid Hunter on Aug 14, 2023.
             Slain by an iguana (2 damage)
             ... on level 5 of the Dungeon.
             The game lasted 00:04:16 (1809 turns).

Arcadio the Shooter (Formicid Hunter)               Turns: 1809, Time: 00:04:17

Health: -1/42      AC:  6    Str: 16    XL:     5   Next: 28%
Magic:  5/5        EV: 11    Int:  8    God:
Gold:   142        SH:  0    Dex: 19    Spells: 4/4 levels left

rFire   . . .        b - +0 falchion
rCold   . . .        (no shield)
rNeg    . . .        q - +0 ring mail
rPois   .            (helmet unavailable)
rElec   .            (no cloak)
rCorr   .            l - +0 pair of gloves
SInv    +            (no boots)
Will    .....        (no amulet)
Stlth   +            (no ring)
HPRegen 0.27/turn    (no ring)
MPRegen 0.09/turn

%: no passive effects
@: no status effects
A: permanent stasis, dig shafts and tunnels, antennae 3, four strong arms
a: Dig, Shaft Self


You were on level 5 of the Dungeon.
You visited 1 branch of the dungeon, and saw 5 of its levels.

You collected 142 gold pieces.

Inventory:

Hand Weapons
 a - a +0 shortbow
 b - a +0 falchion (weapon)
 i - a +0 dagger
Armour
 c - a +0 leather armour
 l - a +0 pair of gloves (worn)
 q - a +0 ring mail (worn)
Scrolls
 d - a scroll of vulnerability {unknown}
 e - a scroll of torment {unknown}
 f - 2 scrolls of butterflies
 g - 2 scrolls of amnesia {unknown}
 h - 4 scrolls of teleportation {unknown}
 j - 2 scrolls of identify {unknown}
 m - a scroll of enchant armour {unknown}
 o - a scroll of enchant weapon {unknown}
Potions
 k - a potion of invisibility {unknown}
 n - 2 potions of lignification {unknown}
 p - a potion of brilliance {unknown}


   Skills:
 + Level 3.7 Fighting
 + Level 4.8 Ranged Weapons
 + Level 2.6 Armour
 - Level 1.7 Dodging
 - Level 1.2 Stealth


You had 4 spell levels left.
You didn't know any spells.
Your spell library contained the following spells:

 Spells                   Type           Power      Damage    Failure   Level
 Gell's Gravitas          Tloc           0%         N/A       94%         3
 Teleport Other           Tloc           0%         N/A       94%         3
 Dispersal                Tloc           0%         N/A       100%        6


Dungeon Overview and Level Annotations

Branches:
Dungeon (5/15) Zot: 26752
 Temple: D:4-7

Altars:
Gozag
Sif Muna


Innate Abilities, Weirdness & Mutations

You cannot be hasted, slowed, berserked, paralysed or teleported.
You can dig through walls and to a lower floor.
You have a pair of large antennae on your head. (SInv)
Your four strong arms can wield two-handed weapons with a shield.


Message History

Press: ? - help, Q - select action, (/) - cycle Shift-Dir - straight line, f - iguana
Aim: an iguana (68% to hit)
You shoot an arrow. The arrow barely misses the iguana.
Fire: a) +0 shortbow
Press: ? - help, Q - select action, (/) - cycle Shift-Dir - straight line, f/p - iguana
Aim: an iguana (68% to hit)
You shoot an arrow. The arrow hits the iguana.
The iguana is lightly wounded.
b - a +0 falchion (weapon)
You hit the iguana but do no damage.
The iguana is lightly wounded.
The iguana bites you.
You hit the iguana.
The iguana is heavily wounded.
The iguana bites you.
The iguana bites you but does no damage.
You barely miss the iguana.
The iguana is heavily wounded.
The iguana bites you.
You hit the iguana.
The iguana is almost dead.
The iguana barely misses you.
You completely miss the iguana.
The iguana is almost dead.
The iguana bites you!
You hit the iguana.
The iguana is almost dead.
The iguana completely misses you. The iguana bites you.
You barely miss the iguana.
The iguana is almost dead.
The iguana bites you.
You closely miss the iguana.
The iguana is almost dead.
The iguana bites you.
You closely miss the iguana.
The iguana is almost dead.
The iguana bites you!
* * * LOW HITPOINT WARNING * * *
The iguana bites you.
You die...

##.# #######.# ##..
#.......# ######.....
#.......#
##..........
#.......####....###
#............##...#
#............####.##
#........##### #..#
#...(..@.# ##.####
#......l.# #....#
####....... ####.##
#......... #######...
#.....>..............
#.........####..^..##
#.....<...#....###.##
###########.## #.##
#.##


You could see an iguana.

Vanquished Creatures
  2 iguanas
  Jessica (D:2)
  2 worms (D:2)
  3 endoplasms
  2 giant cockroaches (D:2)
  6 goblins
  5 hobgoblins
  6 kobolds
  A quokka (D:1)
  A ball python (D:3)
  2 bats (D:1)
  3 frilled lizards
34 creatures vanquished.

Notes
Turn   | Place    | Note
-------+----------+-------------------------------------------
     0 | D:1      | Arcadio the Formicid Hunter began the quest for the Orb.
     0 | D:1      | Reached XP level 1. HP: 16/16 MP: 1/1
   139 | D:1      | Reached XP level 2. HP: 23/23 MP: 2/2
   183 | D:1      | Reached skill level 1 in Armour
   655 | D:2      | Reached XP level 3. HP: 26/28 MP: 3/3
   866 | D:2      | Found a shimmering blue altar of Sif Muna.
   960 | D:2      | Noticed Jessica
   966 | D:2      | Killed Jessica
   967 | D:2      | Reached XP level 4. HP: 35/35 MP: 4/4
  1474 | D:3      | Found an opulent altar of Gozag.
  1518 | D:3      | Noticed a phantom
  1548 | D:3      | You fall into a shaft and drop 1 floor!
  1558 | D:4      | Noticed a scorpion
  1567 | D:5      | Entered Level 5 of the Dungeon
  1583 | D:5      | Reached XP level 5. HP: 30/42 MP: 5/5
  1809 | D:5      | HP: 1/42 [iguana (9)]
  1809 | D:5      | Slain by an iguana

Illustrated notes

Levels and vault maps discovered:
D:1:      dpeg_arrival_fog, layout_loops_ring
D:2:      layout_loops_ring, basic_altar, kennysheep_flooded_box,
          minmay_misc_feat_plants, uniq_jessica
D:3:      layout_rooms, grunt_gozag_breadcrumbs, zin_treasury
D:4:      layout_basic, dancing_weapons_uskayaw, glass_columns_c
D:5:      layout_rooms, minmay_misc_feat_tower

Skill      XL: |  1  2  3 |
---------------+----------+-----
Armour         | 1 2 |  2.6
Fighting       | 3 |  3.7
Ranged Weapons | |  4.8
Dodging        | |  1.7
Stealth        | |  1.2

Action                     |  1- 3 |  4- 6 || total
---------------------------+-------+-------++-------
  Melee: Unarmed           |     5 |       ||     5
         Dagger            |     6 |       ||     6
         Falchion          |    34 |    18 ||    52
   Fire: Shortbow          |    60 |    23 ||    83
Ability: Dig               |     1 |       ||     1
         Shaft Self        |       |     1 ||     1
 Armour: Leather armour    |     5 |     2 ||     7
         Ring mail         |       |     1 ||     1
  Dodge: Dodged            |    37 |    10 ||    47

Table legend: (Time is in decaauts)
 A = Elapsed time spent in this place.
 B = Non-inter-level travel time spent in this place.
 C = Inter-level travel time spent in this place.
 D = Time resting spent in this place.
 E = Time spent auto-exploring this place.
 F = Levels seen in this place.
 G = Mean time per level.
                   A        B        C        D        E       F      G
               +--------+--------+--------+--------+--------+-----+--------+
         Total |   1829 |   1751 |     78 |    140 |   1217 |   5 |  365.8 |
       Dungeon |   1829 |   1751 |     78 |    140 |   1217 |   5 |  365.8 |
               +--------+--------+--------+--------+--------+-----+--------+

Top non-repeatable levels by time:
     D:2: 809 daAuts
     D:1: 644 daAuts
     D:5: 246 daAuts
     D:3: 110 daAuts
     D:4: 19 daAuts
